Map: Dreamcatcher LE

Players

Jascaw - Winner!

  • Race: Zerg Zerg
  • League: Diamond
  • Spawn Location: 11:00

VOD

Have the link to the VOD?

Description

Time

  • Played on: Feb. 5, 2019, 5:29 a.m.
  • Length: 7:10
Show
View Real Time Build Order
Export as new Build Order

Jascaw Zerg - Winner!

Build Orders: Hatch First 

Get SALT Encoding   

  12  0:04  Drone  
  12  0:13  Overlord  
  12  0:18  Drone  
  12  0:31  Drone x2  
  12  0:38  Drone  
  12  0:53  Hatchery  
  12  0:58  Drone  
  12  1:00  Drone  
  12  1:12  Extractor  
  12  1:15  Spawning Pool  
  12  1:18  Drone  
  12  1:22  Drone  
  12  1:31  Drone  
  12  1:41  Overlord  
  12  1:51  Drone  
  12  2:02  Queen  
  12  2:03  Zergling x2  
  12  2:05  Queen  
  12  2:06  Zergling x2  
  12  2:16  Metabolic Boost  
  12  2:21  Drone  
  12  2:22  Drone  
  12  2:38  Queen  
  12  2:40  Queen  
  12  2:47  Overlord, Drone x2  
  12  2:50  Drone  
  12  2:51  Drone  
  12  3:18  Drone x2  
  12  3:19  Drone x3  
  12  3:20  Drone x3  
  12  3:21  Overlord x2  
  12  3:35  Lair  
  12  3:38  Queen  
  12  3:40  Extractor, Drone x2  
  12  3:42  Extractor  
  12  3:43  Drone  
  12  3:45  Drone  
  12  3:57  Drone x4  
  12  3:58  Drone x3  
  12  4:01  Overlord  
  12  4:08  Drone  
  12  4:33  Queen x2  
  12  4:38  Hydralisk Den  
  12  4:48  Zergling x16  
  12  4:51  Hatchery  
  12  4:56  Overlord  
  12  5:08  Queen  
  12  5:11  Muscular Augments  
  12  5:12  Overlord x3  
  12  5:26  Hydralisk x4  
  12  5:35  Evolution Chamber  
  12  5:36  Hydralisk x3, Evolution Chamber  
  12  5:52  Hydralisk  
  12  5:53  Hydralisk x4  
  12  6:03  Drone x5  
  12  6:31  Hydralisk x2  
  12  6:34  Overlord x2  
  12  6:51  Overlord x2  
  12  6:57  Drone x8  
  12  7:02  Roach Warren  
Tags
 
Add a new tag
Caveats
  • Supply blocks, unpowered buildings, or Contaminate may cause inaccurate times.
  • Supply counts are checked every 10 seconds.